 Dungeon Crawl Stone Soup version 0.30-a0-377-g5cb311bc9f (webtiles) character file.

Game seed: 1929482347745086855

40 Krypt the Firebug (level 3, -2/26 HPs)
             Began as a Draconian Fire Elementalist on Nov 29, 2022.
             Slain by Terence
             ... wielding a +0 hand axe
              (8 damage)
             ... on level 3 of the Dungeon.
             The game lasted 00:05:08 (1701 turns).

Krypt the Firebug (Draconian Fire Elementalist)     Turns: 1701, Time: 00:05:08

Health: -2/26      AC:  5    Str: 10    XL:     3   Next: 30%
Magic:  1/6        EV: 12    Int: 17    God:
Gold:   96         SH:  0    Dex: 11    Spells: 6/7 levels left

rFire   . . .      SeeInvis .    (no weapon)
rCold   . . .      Faith    .    (no shield)
rNeg    . . .      Spirit   .    (body armour unavailable)
rPois   .          Reflect  .    (helmet restricted)
rElec   .          Harm     .    (no cloak)
rCorr   .          Rampage  .    (no gloves)
Will    .....                    (no boots)
Stlth   ++........               (no amulet)
HPRegen 0.24/turn                c - +4 ring of slaying
MPRegen 0.10/turn                (no ring)

@: no status effects
A: AC +5, unfitting armour, cold-blooded
a: no special abilities


You were on level 3 of the Dungeon.
You visited 1 branch of the dungeon, and saw 3 of its levels.

You collected 96 gold pieces.

Inventory:

Missiles
 e - 16 stones
Jewellery
 c - a +4 ring of slaying (left hand)
Scrolls
 g - a scroll of teleportation
 h - 2 scrolls of immolation
Potions
 a - a potion of magic
 b - a potion of brilliance {unknown}
 d - 2 potions of resistance
 f - a potion of heal wounds
 i - a potion of haste {unknown}
 j - 2 potions of curing {unknown}


   Skills:
 + Level 1.9 Dodging
 + Level 2.0 Stealth
 + Level 2.5 Spellcasting
 + Level 1.5 Conjurations
 + Level 3.6 Fire Magic


You had 6 spell levels left.
You knew the following spells:

 Your Spells              Type           Power      Damage    Failure   Level
a - Foxfire               Conj/Fire      40%        2x1d6     6%          1

Your spell library contained the following spells:

 Spells                   Type           Power      Damage    Failure   Level
 Scorch                   Fire           28%        2d6       6%          2
 Inner Flame              Hex/Fire       8%         N/A       26%         3
 Kindle Blastsparks       Fire/Tloc/Air  12%        2d11      32%         3
 Flame Wave               Conj/Fire      10%        2d6       54%         4


Dungeon Overview and Level Annotations

Branches:
Dungeon (3/15)

Altars:

Shops:
D:1 !

Annotations:
D:3 Terence


Innate Abilities, Weirdness & Mutations

Your plain brown scales are hard. (AC +5)
You cannot fit into any form of body armour.
You are cold-blooded and may be slowed by cold attacks.


Message History

Press: ? - help, Q - select action, (/) - cycle Dir - look around, f - activate You conjure some foxfire!
The giant cockroach closely misses you. x2
Terence hits you with a +0 hand axe.
Terence hits your foxfire with a +0 hand axe.
Casting: Foxfire (safe; 6% risk of failure)
Press: ? - help, Q - select action, (/) - cycle Dir - look around, f - activate You conjure some foxfire!
The foxfire hits Terence.
Terence is heavily wounded.
The foxfire hits Terence but does no damage.
Terence is heavily wounded.
The giant cockroach barely misses you. Terence hits you with a +0 hand axe.
Terence hits your foxfire with a +0 hand axe!
Terence hits your foxfire with a +0 hand axe.
Casting: Foxfire (safe; 6% risk of failure)
Press: ? - help, Q - select action, (/) - cycle Dir - look around, f - activate You conjure some foxfire!
The foxfire hits Terence but does no damage.
Terence is heavily wounded.
The foxfire hits Terence but does no damage.
Terence is heavily wounded.
The giant cockroach misses you. Terence hits you with a +0 hand axe.
You don't have enough magic to cast this spell.
You don't have enough magic to cast this spell.
The foxfire hits Terence.
Terence is severely wounded.
The foxfire hits Terence but does no damage.
Terence is severely wounded.
Terence shouts, "Get ready for death!"
Terence attacks as you move away! Terence hits you with a +0 hand axe.
* * * LOW HITPOINT WARNING * * *
Found a club.
The giant cockroach bites you but does no damage.
You barely miss Terence.
Terence is severely wounded.
The giant cockroach barely misses you.
Terence shouts, "Get ready for death!"
Terence hits you with a +0 hand axe!
You die...

#........#####.#
##.#...........#
#.+...........#
###...........####
#.>.............
#...............
#...............
#......B@.......
#)<.....@.......
###########.....
..). ...


You could see Terence and a giant cockroach.

Vanquished Creatures
  An adder (D:2)
  3 bats
  3 endoplasms
  3 giant cockroaches (D:1)
  2 goblins (D:1)
  2 hobgoblins (D:1)
  4 kobolds
  2 quokkas (D:1)
  6 ball pythons
  A frilled lizard (D:2)
  2 rats
29 creatures vanquished.

Vanquished Creatures (others)
  97 foxfires
97 creatures vanquished.

Grand Total: 126 creatures vanquished

Notes
Turn   | Place    | Note
-------+----------+-------------------------------------------
     0 | D:1      | Krypt the Draconian Fire Elementalist began the quest for
                  | the Orb.
     0 | D:1      | Reached XP level 1. HP: 14/14 MP: 3/3
   309 | D:1      | Reached XP level 2. HP: 20/20 MP: 1/5
   531 | D:1      | Found Qunutwe's Distillery.
  1114 | D:2      | Reached XP level 3. HP: 26/26 MP: 3/6
  1670 | D:3      | Noticed Terence
  1701 | D:3      | Slain by Terence

Illustrated notes

Levels and vault maps discovered:
D:1:      dpeg_arrival_stone_temple_mockup, layout_rooms, serial_shops,
          nicolae_shop_stone
D:2:      layout_loops_ring
D:3:      layout_basic, uniq_terence

Skill      XL: |  1  2  3 |
---------------+----------+-----
Stealth        | 2 |  2.0
Dodging        | |  1.9
Spellcasting   | |  2.5
Conjurations   | |  1.5
Fire Magic     | |  3.6

Action                   || total
-------------------------++-------
Melee: Unarmed           ||    10
       Tailslap          ||     1
Throw: Stone             ||     1
 Cast: Foxfire           ||    55
  Use: Scroll            ||     8
 Stab: Sleeping          ||     1
Armor: Skin              ||    12
Dodge: Dodged            ||    38

Table legend: (Time is in decaauts)
 A = Elapsed time spent in this place.
 B = Non-inter-level travel time spent in this place.
 C = Inter-level travel time spent in this place.
 D = Time resting spent in this place.
 E = Time spent auto-exploring this place.
 F = Levels seen in this place.
 G = Mean time per level.
                   A        B        C        D        E       F      G
               +--------+--------+--------+--------+--------+-----+--------+
         Total |   1700 |   1639 |     61 |    121 |   1232 |   3 |  566.7 |
       Dungeon |   1700 |   1639 |     61 |    121 |   1232 |   3 |  566.7 |
               +--------+--------+--------+--------+--------+-----+--------+

Top non-repeatable levels by time:
     D:2: 857 daAuts
     D:1: 801 daAuts
     D:3: 41 daAuts
